AoeStats
← Ana Catalina

Lombardia

509313898Analyzed
4v4 RM · 6d ago on Sep 26, 2026· 93m 28s· 8 players
Game mode
Random Map
Map size
Large (8 player)
Population
200
Speed
Normal
Resources
Standard
Victory
Conquest
Starting age
Dark Age
Ending age
Imperial Age
RankedLock teamsTeams togetherTeam positionsShared explorationLock speedFull tech treeHidden civsTurbo modeCheats
Victory
Defeat
🇭🇰 Teutons · Hong Kong SAR China
660
+14
🇨🇳 Franks · China
491
+22
🇻🇳 Vietnamese · Vietnam
473
+23
🇩🇪 Danes · Germany
679
-20
🇨🇦 Danes · Canada
614
-17
🇨🇾 Teutons · Cyprus
599
-17
🇪🇸 Britons · Spain
586
-16
V snacks
6:43 Loom
13:04 Feudal Age
14:59 Town Watch
18:11 Wheelbarrow
20:55 Double-Bit Axe
25:14 Castle Age
23:42 Forging
23:33 Scale Mail Armor
24:25 Horse Collar
29:45 Hand Cart
29:29 Fletching
29:46 Gold Mining
34:11 Murder Holes
34:39 Ballistics
34:55 Bodkin Arrow
37:42 Imperial Age
37:49 Iron Casting
37:30 Chain Mail Armor
38:26 Stone Mining
41:50 Bow Saw
42:17 Squires
42:57 Plate Mail Armor
43:28 Blast Furnace
47:49 Caravan
47:41 Elite Varangian Guard
51:30 Arson
51:24 Hamask
57:28 Elite Jomsviking
60:01 Northmen's Fury
63:57 Onager
65:28 Pikeman
66:27 Bracer
jcmanriqe
0:40 Loom
10:32 Feudal Age
11:51 Wheelbarrow
11:04 Double-Bit Axe
11:41 Town Watch
11:39 Horse Collar
16:09 Fletching
16:19 Padded Archer Armor
16:21 Scale Mail Armor
16:40 Gold Mining
23:15 Castle Age
21:35 Stone Mining
23:10 Scale Barding Armor
23:19 Forging
23:41 Crossbowman
24:32 Husbandry
25:28 Bodkin Arrow
27:12 Bow Saw
28:01 Hand Cart
32:38 Caravan
38:03 Imperial Age
36:08 Fortified Wall
36:19 Ballistics
37:20 Murder Holes
39:27 Bracer
39:43 Leather Archer Armor
40:37 Two-Man Saw
40:49 Heavy Plow
41:21 Cranequins
43:56 Chemistry
45:45 Yeomen
44:49 Heavy Mounted Crossbowman
48:21 Warwolf
47:43 Elite Longbowman
50:38 Ring Archer Armor
50:28 Chain Barding Armor
50:44 Iron Casting
51:35 Siege Engineers
61:52 Gambesons
62:07 Squires
61:28 Man-at-Arms
61:54 Arson
63:30 Town Patrol
63:39 Capped Ram
64:50 Long Swordsman
65:59 Two-Handed Swordsman
Ana Catalina
0:35 Loom
11:05 Feudal Age
12:31 Town Watch
12:43 Double-Bit Axe
13:03 Horse Collar
15:31 Stone Mining
23:35 Castle Age
21:46 Fletching
22:29 Gold Mining
23:16 Forging
23:17 Scale Mail Armor
25:02 Gold Shaft Mining
24:29 Heavy Plow
26:35 Pikeman
37:36 Imperial Age
36:21 Thumb Ring
36:09 Arson
37:36 Stone Shaft Mining
37:13 Hamask
38:32 Ballistics
38:23 Masonry
39:14 Cranequins
39:56 Elite Skirmisher
43:46 Chemistry
43:14 Elite Varangian Guard
46:56 Elite Jomsviking
54:31 Northmen's Fury
55:27 Heavy Mounted Crossbowman
60:57 Iron Casting
60:37 Chain Mail Armor
60:28 Scale Barding Armor
60:24 Padded Archer Armor
60:19 Bodkin Arrow
62:32 Squires
64:31 Halberdier
65:31 Bow Saw
DoneHealer17475
1:03 Loom
19:10 Feudal Age
21:28 Wheelbarrow
20:39 Town Watch
20:37 Horse Collar
25:54 Double-Bit Axe
26:05 Arson
31:28 Gold Mining
35:44 Castle Age
34:40 Stone Mining
37:09 Hand Cart
36:55 Town Patrol
36:58 Heavy Plow
37:13 Bow Saw
38:06 Stone Shaft Mining
38:54 Caravan
46:26 Masonry
46:27 Fortified Wall
46:38 Ballistics
48:53 Imperial Age
47:36 Coinage
47:39 Ironclad
50:38 Arrowslits
54:38 Guilds
55:43 Two-Man Saw
55:46 Chemistry
54:52 Siege Engineers
59:20 Banking
60:04 Crop Rotation
59:04 Elite Teutonic Knight
60:05 Conscription
59:13 Crossbowman
60:01 Squires
59:21 Pikeman
61:42 Hoardings
60:38 Sappers
61:45 Scale Barding Armor
61:51 Forging
61:31 Fletching
61:42 Padded Archer Armor
62:46 Scale Mail Armor
63:07 Chain Barding Armor
63:17 Crenellations
64:34 Cavalier
65:24 Bloodlines
64:37 Halberdier
66:01 Bodkin Arrow
66:42 Iron Casting
66:54 Heavy Scorpion
71:43 Blast Furnace
71:00 Chain Mail Armor
71:20 Plate Barding Armor
71:01 Leather Archer Armor
70:55 Paladin
80:25 Plate Mail Armor
80:26 Ring Archer Armor
好运姐姐~
11:43 Feudal Age
12:27 Double-Bit Axe
14:59 Gold Mining
15:51 Wheelbarrow
21:13 Stone Mining
25:33 Castle Age
26:32 Caravan
29:02 Gold Shaft Mining
29:29 Bow Saw
31:46 Husbandry
34:38 Imperial Age
34:14 Hand Cart
36:10 Coinage
35:30 Cavalier
39:22 Banking
Dai Viet
13:39 Feudal Age
17:37 Double-Bit Axe
20:48 Castle Age
30:09 Bow Saw
29:43 Horse Collar
34:49 Imperial Age
34:57 Imperial Age
33:05 Wheelbarrow
36:42 Hand Cart
38:30 Forging
38:21 Scale Mail Armor
38:21 Padded Archer Armor
38:12 Fletching
39:26 Chemistry
38:23 Murder Holes
38:39 Fortified Wall
38:50 Ballistics
38:20 Heated Shot
38:19 Arrowslits
40:39 Caravan
40:18 Elite Skirmisher
41:03 Thumb Ring
42:38 Pikeman
43:19 Squires
42:55 Imperial Skirmisher
45:41 Iron Casting
45:22 Chain Mail Armor
45:23 Leather Archer Armor
45:04 Bodkin Arrow
45:35 Bombard Tower
45:11 Halberdier
49:40 Elite Battle Elephant
50:22 Husbandry
50:33 Bloodlines
51:29 Ring Archer Armor
50:59 Bracer
51:30 Plate Mail Armor
56:21 Two-Man Saw
61:56 Heavy Plow
佟少爷
1:52 Loom
13:59 Feudal Age
14:22 Horse Collar
14:30 Double-Bit Axe
22:33 Castle Age
20:48 Stone Mining
21:56 Gold Mining
23:45 Town Watch
24:36 Wheelbarrow
26:26 Scale Mail Armor
26:36 Forging
28:14 Hand Cart
28:25 Ballistics
30:09 Fortified Wall
30:12 Masonry
33:23 Chain Mail Armor
33:43 Iron Casting
37:43 Imperial Age
38:55 Heavy Plow
39:09 Bow Saw
38:39 Elite Teutonic Knight
40:52 Conscription
44:36 Crop Rotation
46:42 Chemistry
50:47 Blast Furnace
50:17 Plate Mail Armor
57:12 Crenellations
56:50 Fletching
60:49 Hoardings
64:23 Bodkin Arrow
我是厨子不是愚公,只会做饭不会易大山
0:45 Loom
11:04 Feudal Age
13:05 Double-Bit Axe
14:01 Wheelbarrow
16:13 Forging
17:38 Scale Barding Armor
26:42 Bloodlines
28:40 Castle Age
29:50 Stone Mining
29:53 Gold Mining
29:59 Fletching
32:07 Bow Saw
33:07 Hand Cart
33:24 Fervor
34:11 Bodkin Arrow
36:04 Horse Collar
37:48 Treadmill Crane
37:57 Treadmill Crane
40:51 Imperial Age
41:43 Fortified Wall
41:44 Padded Archer Armor
42:29 Bombard Tower
42:33 Conscription
42:19 Bracer
42:40 Caravan
43:14 Masonry
44:10 Two-Man Saw
46:58 Leather Archer Armor
50:15 Artillery
51:24 Ring Archer Armor
55:01 Husbandry
54:21 Cavalier
56:54 Iron Casting
56:39 Chain Barding Armor
60:03 Plate Barding Armor
60:29 Blast Furnace
63:11 Elite Janissary
71:15 Heavy Plow
82:18 Redemption
Connection lost

Rejoining the realm…

Still unreachable

The connection could not be restored.

Session expired

The server has moved on; the page needs a fresh start.